AoeStats
← Heter

Black Forest

508521663Analyzed
4v4 RM · 2mo ago on Sep 22, 2026· 38m 24s· 8 players
Game mode
Random Map
Map size
Large (8 player)
Population
200
Speed
Normal
Resources
Standard
Victory
Conquest
Starting age
Dark Age
Ending age
Imperial Age
RankedLock teamsTeams togetherTeam positionsShared explorationLock speedFull tech treeHidden civsTurbo modeCheats
Victory
Defeat
🇦🇷 Muisca · Argentina
1250
+14
🇳🇿 Turks · New Zealand
1212
+15
🇨🇳 Persians · China
1149
+18
🇨🇳 Danes · China
1132
+18
vs
🇵🇱 Bohemians · Poland
1327
-22
🇨🇦 Cumans · Canada
1219
-17
🇺🇿 Mongols · Uzbekistan
1154
-15
🇵🇱 Britons · Poland
1058
-11
Heter
0:38 Loom
14:54 Feudal Age
24:58 Castle Age
23:42 Fishing Lines
24:05 Double-Bit Axe
26:00 Bow Saw
27:08 Gillnets
29:31 Scale Mail Armor
29:41 Forging
31:03 Wheelbarrow
33:50 Imperial Age
31:23 Squires
32:48 Hand Cart
31:54 Pikeman
32:21 Arson
32:58 Fortified Wall
33:45 Chain Mail Armor
34:06 Iron Casting
34:14 Ballistics
34:56 Chemistry
33:52 Murder Holes
34:37 Fervor
34:31 Halberdier
35:43 Plate Mail Armor
35:04 Horse Collar
36:08 Conscription
37:42 Blast Furnace
unclesam613
7:36 Loom
9:56 Feudal Age
10:39 Double-Bit Axe
14:08 Horse Collar
21:15 Wheelbarrow
22:43 Castle Age
21:42 Town Watch
22:01 Stone Mining
22:50 Scale Barding Armor
22:56 Forging
23:37 Bow Saw
23:29 Heavy Plow
23:24 Gold Mining
23:53 Hand Cart
25:24 Bloodlines
25:35 Chain Barding Armor
25:57 Iron Casting
25:54 Fletching
26:35 Bloodlines
26:30 Elite Skirmisher
27:20 Padded Archer Armor
29:03 Fishing Lines
29:35 Thumb Ring
29:49 Leather Archer Armor
34:33 Imperial Age
34:51 Ballistics
34:37 Elite Steppe Lancer
36:27 Two-Man Saw
36:02 Crop Rotation
36:10 Gold Shaft Mining
36:52 Chemistry
36:20 Conscription
36:00 Steppe Husbandry
37:34 Plate Barding Armor
37:59 Blast Furnace
matys95
0:53 Loom
13:56 Feudal Age
18:35 Castle Age
16:56 Double-Bit Axe
18:20 Horse Collar
18:53 Padded Archer Armor
21:47 Squires
29:35 Bow Saw
33:15 Wheelbarrow
34:12 Heavy Plow
KUBEPTYPMA
11:04 Feudal Age
16:23 Castle Age
14:59 Horse Collar
15:07 Double-Bit Axe
16:17 Town Watch
17:48 Wheelbarrow
17:26 Bow Saw
18:00 Fishing Lines
18:22 Stone Mining
25:05 Scale Barding Armor
25:48 Forging
27:58 Husbandry
28:16 Bloodlines
29:02 Chain Barding Armor
29:55 Gold Mining
30:31 Loom
31:30 Hand Cart
32:12 Iron Casting
33:03 Gold Shaft Mining
35:43 Imperial Age
34:24 Heavy Plow
34:42 Fletching
34:52 Padded Archer Armor
35:12 Fortified Wall
36:15 Cavalier
37:59 Blast Furnace
38:11 Conscription
37:55 Bodkin Arrow
38:16 Leather Archer Armor
rukas
0:44 Loom
12:02 Feudal Age
15:59 Castle Age
20:39 Imperial Age
18:21 Double-Bit Axe
20:45 Bow Saw
29:12 Horse Collar
35:53 Wheelbarrow
35:04 Town Watch
37:36 Bombard Tower
所以狼
11:02 Feudal Age
14:56 Castle Age
13:19 Double-Bit Axe
13:17 Horse Collar
16:24 Gold Mining
17:22 Bow Saw
22:03 Heavy Plow
28:30 Imperial Age
28:13 Wheelbarrow
27:24 Loom
27:24 Town Watch
27:49 Scale Barding Armor
27:55 Forging
28:00 Bloodlines
27:50 Husbandry
27:12 Light Cavalry
29:48 Hand Cart
31:28 Conscription
32:05 Elite War Elephant
34:36 Chain Barding Armor
34:52 Iron Casting
38:28 Plate Barding Armor
38:54 Blast Furnace
37:56 Scale Mail Armor
37:50 Fletching
38:01 Padded Archer Armor
37:30 Hussar
zhenyy
11:10 Feudal Age
13:04 Double-Bit Axe
15:39 Castle Age
13:41 Horse Collar
17:29 Bow Saw
18:16 Fishing Lines
21:17 Wheelbarrow
20:59 Heavy Plow
24:15 Gold Mining
25:08 Pikeman
25:48 Squires
30:28 Imperial Age
28:38 Forging
28:29 Scale Mail Armor
29:30 Hand Cart
30:21 Iron Casting
31:01 Gillnets
30:48 Onager
31:01 Halberdier
32:15 Siege Onager
32:40 Northmen's Fury
33:32 Siege Engineers
34:37 Chain Mail Armor
35:23 Blast Furnace
seba_aof
1:27 Loom
14:59 Feudal Age
18:33 Castle Age
16:42 Double-Bit Axe
21:38 Fishing Lines
27:58 Horse Collar
28:29 Bow Saw
29:32 Wheelbarrow
29:43 Gillnets
30:19 Fletching
31:20 Bodkin Arrow
32:11 Town Watch
32:43 Hand Cart
34:00 Padded Archer Armor
34:38 Coinage
37:36 Imperial Age
36:37 Leather Archer Armor
37:49 Squires
38:22 Bracer
38:44 Ballistics
39:25 Chemistry
37:53 Capped Ram
Connection lost

Rejoining the realm…

Still unreachable

The connection could not be restored.

Session expired

The server has moved on; the page needs a fresh start.